 Dungeon Crawl Stone Soup version 0.31-a0-355-g57cb03d3e8 (webtiles) character file.

Game seed: 16611000737616665688

6656 Dordric the Martial Artist (level 11, -8/81 (84) HPs)
             Began as a Tengu Shapeshifter on July 24, 2023.
             Was an Elder of Trog.
             Mangled by a wight
             ... wielding a +2 heavy battleaxe
              (15 damage)
             ... on level 8 of the Dungeon.
             The game lasted 00:09:27 (8361 turns).

Dordric the Martial Artist (Tengu Shapeshifter)     Turns: 8361, Time: 00:09:27

HP:   -8/81 (84)    AC:  5    Str: 15    XL:     11   Next: 3%
MP:   0/12          EV: 20    Int:  8    God:    Trog [****..]
Gold: 478           SH:  0    Dex: 20    Spells: 10/10 levels left

rFire   + . .        w - +3 scythe (venom)
rCold   . . .        (shield currently unavailable)
rNeg    . . .        k - +0 ring mail
rPois   +            (helmet currently unavailable)
rElec   .            (cloak currently unavailable)
rCorr   .            (gloves currently unavailable)
SInv    .            (boots unavailable)
Will    .....        j - amulet of guardian spirit Stlth
                     H - ring of poison resistance
HPRegen 0.33/turn    B - ring of protection from fire
MPRegen 0.13/turn

%: guardian spirit
@: berserking, beast-form, marked, flying quickly and evasively, lightly
drained, very quick
A: beast (slay +5), flying, beak, talons 3, nimble flight
a: Begin Untransformation, Renounce Religion, Berserk, Trog's Hand, Brothers in
Arms


You were on level 8 of the Dungeon.
You worshipped Trog.
Trog was greatly pleased with you.
You were a hulking beast.
You visited 1 branch of the dungeon, and saw 9 of its levels.
You also visited: Ossuary.

You collected 478 gold pieces.

Inventory:

Hand Weapons
 w - a +3 scythe of venom (weapon)
Missiles
 f - 2 throwing nets
Armour
 a - a +0 animal skin
 k - a +0 ring mail (worn)
Jewellery
 j - an amulet of guardian spirit (around neck)
 p - a +6 ring of strength
 B - a ring of protection from fire (right hand)
 H - a ring of poison resistance (left hand)
 I - a ring of ice
Talismans
 c - a beast talisman
Wands
 D - a wand of light (12)
 G - a wand of flame (18)
Scrolls
 i - a scroll of brand weapon
 l - 2 scrolls of enchant armour
 n - 5 scrolls of fog
 q - a scroll of summoning
 s - a scroll of vulnerability
 t - 6 scrolls of identify
 v - a scroll of amnesia
 y - 4 scrolls of revelation
 z - 3 scrolls of enchant weapon
 E - a scroll of fear {unknown}
 F - a scroll of teleportation {unknown}
Potions
 b - a potion of lignification
 d - 2 potions of resistance {unknown}
 e - 8 potions of heal wounds {unknown}
 g - a potion of degeneration {unknown}
 h - 2 potions of berserk rage {unknown}
 m - 5 potions of mutation {unknown}
 o - a potion of might {unknown}
 r - a potion of brilliance {unknown}
 u - 3 potions of curing {unknown}
 x - a potion of haste {unknown}
 A - 2 potions of attraction {unknown}
 C - 2 potions of enlightenment {unknown}


   Skills:
 - Level 1.0 Fighting
 + Level 10.3 Dodging
 + Level 11.1 Unarmed Combat
 + Level 8.0 Shapeshifting


You had 10 spell levels left.
You didn't know any spells.
Your spell library contained the following spells:

 Spells                   Type           Power      Damage    Failure   Level
 Sandblast                Erth           0%         2d4       65%         1
 Cigotuvi's Dreadful Rot  Necr/Pois/Air  0%         N/A       78%         2
 Passwall                 Tmut/Erth      0%         N/A       78%         2
 Dazzling Flash           Conj/Hex       0%         N/A       95%         3
 Ignite Poison            Fire/Tmut/Pois 0%         N/A       95%         3
 Stone Arrow              Conj/Erth      0%         3d7       95%         3
 Dispel Undead            Necr           0%         3d6       100%        4
 Fireball                 Conj/Fire      0%         3d3       100%        5
 Freezing Cloud           Conj/Ice/Air   0%         6-21      100%        5
 Irradiate                Conj/Tmut      0%         3d11      100%        5
 Death Channel            Necr           0%         N/A       100%        6


Dungeon Overview and Level Annotations

Branches:
Dungeon (9/15)             Temple (0/1) D:4            Lair (0/5) D:9
Ossuary (visited)
    Orc: D:9-12

Altars:
Ashenzari
Gozag
Okawaru
Qazlal
Trog
Wu Jian

Annotations:
D:8 3 runed translucent doors, Harold; knightboat's ghost, novice GnSh


Innate Abilities, Weirdness & Mutations

You are a hulking beast.
Your limbs bulge with bestial killing power. (Slay +5)
You are flying.
You have a beak for a mouth.
You have claws for feet.
Your magical nature lets you fly swiftly and evasively.


Message History

You can't go up here!
Harold fires a harpoon shot at you. The harpoon shot hits you.
You are yanked forward by the harpoon shot.
The wight closely misses you.
You see here 16 gold pieces.
The wight hits you from afar with a +4 trident!
The wight hits you from afar with a +4 trident!
You feel drained.
Harold throws a throwing net.
The throwing net hits you.
You become entangled in the net!
There is a stone staircase leading up here.
You see here a throwing net.
You struggle against the net.
The wight hits you from afar with a +4 trident.
The wight hits you from afar with a +0 halberd.
You struggle against the net.
The wight hits you from afar with a +4 trident.
You feel drained. The wight barely misses you.
You rip the net and break free!
Harold completely misses you. The wight barely misses you.
The wight hits you with a +2 heavy battleaxe.
The wight misses you. Harold hits you with a +0 short sword.
* * * LOW HITPOINT WARNING * * *
The wight hits you from afar with a +4 trident!
* * * LOW HITPOINT WARNING * * *
The wight completely misses you.
You fly upwards.
Level annotation: 3 runed translucent doors, knightboat's ghost, novice GnSh
There is a stone staircase leading down here.
A red film seems to cover your vision as you go berserk!
You feel yourself moving faster!
You feel mighty! The wight closely misses you.
Harold hits you with a +0 short sword.
* * * LOW HITPOINT WARNING * * *
You puncture Harold!
Harold is poisoned.
You claw Harold.
Harold is moderately wounded.
Harold barely misses you.
The wight hits you with a +2 heavy battleaxe!
You die...

###...........................##.
#######.....#################.##.
.# #.....# #.##. ## ###..## #.###
.#### #..# #.# ..#.#####..#
####.#
.....#.##..###############....#
................@...........###
.....#.##.##.###h.########..##
..#.#####.##.# #z.# #.....# .####
#.##.# #..######.#...# ## #.##.#
#.............# .# #.##.#
#.....###.##..####
#########.##.####.##.....##......
###...............#########......
##..############### ####### #..##


You could see Harold (very poisoned) and a wight.

Vanquished Creatures
  A komodo dragon (D:8)
  2 trolls (D:9)
  Prince Ribbit (D:5)
  A hornet (D:7)
  Sigmund (D:5)
  Eustachio (D:5)
  2 wyverns
  A steam dragon (D:7)
  3 water moccasins
  Duvessa (D:6)
  An ice beast (D:8)
  7 orc warriors
  2 sky beasts
  An ogre (D:6)
  A centaur (D:9)
  A kobold brigand (D:8)
  2 gnoll sergeants
  5 bullfrogs
  12 scorpions
  8 wights
  Dowan (D:6)
  8 killer bees
  3 howler monkeys
  2 centaur zombies (Ossuary)
  3 human zombies (Ossuary)
  5 orc priests
  4 hounds
  A jelly (D:6)
  A sleepcap (D:8)
  5 scorpion zombies (Ossuary)
  4 iguanas
  11 orc wizards
  3 mummies (Ossuary)
  13 gnolls
  5 adders
  2 white imps (D:5)
  A worm (D:2)
  A dart slug (D:1)
  30 orcs
  9 ball pythons
  5 endoplasms
  4 giant cockroaches
  2 gnoll zombies (Ossuary)
  5 hobgoblins
  7 quokkas
  7 bats
  6 frilled lizards
  8 goblins
  5 goblin zombies
  3 hobgoblin zombies (Ossuary)
  7 kobolds
  An orc zombie (Ossuary)
  3 rats
229 creatures vanquished.

Vanquished Creatures (others)
  2 orcs (D:7)
2 creatures vanquished.

Grand Total: 231 creatures vanquished

Notes
Turn   | Place    | Note
-------+----------+-------------------------------------------
     0 | D:1      | Dordric the Tengu Shapeshifter began the quest for the Orb.
     0 | D:1      | Reached XP level 1. HP: 12/12 MP: 2/2
    65 | D:1      | Reached XP level 2. HP: 16/16 MP: 3/3
   569 | D:2      | Got the Spellbook of Evolving Combat Magic
   587 | D:2      | Reached XP level 3. HP: 19/20 MP: 4/4
   617 | D:2      | Reached skill level 4 in Unarmed Combat
   629 | D:2      | HP: 1/20 [frozen (4)]
  1319 | D:3      | Found an opulent altar of Gozag.
  1406 | D:3      | Reached XP level 4. HP: 22/25 MP: 5/5
  1561 | D:3      | Found a bloodstained altar of Trog.
  1579 | D:3      | Became a worshipper of Trog the Wrathful
  1635 | D:3      | Found an iron altar of Okawaru.
  1644 | D:3      | Found a stormy altar of Qazlal.
  2040 | D:4      | Found a staircase to the Ecumenical Temple.
  2061 | D:4      | Reached skill level 5 in Unarmed Combat
  2061 | D:4      | Gained mutation: Your magical nature lets you fly swiftly
                  | and evasively. [Tengu growth]
  2061 | D:4      | Reached XP level 5. HP: 18/29 MP: 6/6
  2227 | D:4      | Found an ornate altar of the Wu Jian Council.
  2343 | D:5      | Entered Level 5 of the Dungeon
  2343 | D:5      | Noticed Sigmund
  2343 | D:5      | Found a sand-covered staircase.
  2351 | D:5      | Killed Sigmund
  2352 | D:5      | Reached XP level 6. HP: 8/34 MP: 7/7
  2492 | Ossuary  | Entered an ossuary
  2642 | Ossuary  | Reached XP level 7. HP: 38/38 MP: 8/8
  2648 | Ossuary  | Reached skill level 6 in Unarmed Combat
  2666 | Ossuary  | Reached * piety under Trog
  3003 | Ossuary  | Reached skill level 5 in Dodging
  3003 | Ossuary  | Reached skill level 5 in Shapeshifting
  3003 | Ossuary  | Reached XP level 8. HP: 32/43 MP: 9/9
  3111 | Ossuary  | Reached skill level 7 in Unarmed Combat
  3489 | D:5      | Noticed Eustachio
  3503 | D:5      | Killed Eustachio
  3999 | D:6      | Noticed Prince Ribbit
  4104 | D:5      | Reached skill level 8 in Unarmed Combat
  4105 | D:5      | Reached XP level 9. HP: 47/47 MP: 8/10
  4213 | D:5      | Killed Prince Ribbit
  4327 | D:6      | You are sucked into a shaft and drop 2 floors!
  4390 | D:8      | HP: 2/47 [poisoned by a killer bee]
  4657 | D:8      | Reached skill level 9 in Unarmed Combat
  4753 | D:7      | Reached ** piety under Trog
  4937 | D:7      | Noticed a hornet
  5056 | D:6      | Reached XP level 10. HP: 52/52 MP: 6/11
  5553 | D:6      | Noticed Duvessa
  5553 | D:6      | Noticed Dowan
  5558 | D:6      | Killed Duvessa
  5562 | D:6      | Killed Dowan
  5782 | D:7      | Reached *** piety under Trog
  6003 | D:7      | Reached skill level 10 in Unarmed Combat
  6231 | D:8      | Found a runed translucent gate.
  6232 | D:8      | Found a runed translucent gate.
  6232 | D:8      | Noticed knightboat's ghost (novice GnSh)
  6233 | D:8      | Found a runed translucent gate.
  6234 | D:8      | Noticed a ten-headed hydra
  6393 | D:8      | HP: 2/49 [orc priest/divine providence (13)]
  7577 | D:9      | Found a broken altar of Ashenzari.
  7778 | D:9      | Reached **** piety under Trog
  7783 | D:9      | Reached skill level 10 in Dodging
  8032 | D:9      | Reached skill level 11 in Unarmed Combat
  8236 | D:9      | Reached XP level 11. HP: 56/56 MP: 12/12
  8287 | D:9      | Found a staircase to the Lair.
  8346 | D:9      | Noticed Harold
  8361 | D:8      | Mangled by a wight

Illustrated notes

Levels and vault maps discovered:
D:1:      wander_arrival_lonely_grave, layout_rooms
D:2:      layout_basic, minmay_cupped
D:3:      layout_loops_cross, grunt_gozag_breadcrumbs, trog_hazing_becter,
          mainiacjoe_overflow_swirl
D:4:      layout_cave_pools, nzn_wu_jian_council_hall,
          minmay_temple_entry_arrows, minmay_misc_feat_pillars
D:5:      layout_rooms, enter_ossuary_3, uniq_eustachio, uniq_sigmund
D:6:      layout_loops_ring, uniq_duvessa, uniq_prince_ribbit1
D:7:      layout_basic
D:8:      layout_loops_ring, gammafunk_ghost_hydra_chop,
          nicolae_figureground_sparkle
D:9:      layout_roguey, mainiacjoe_overflow_tiny_flanked,
          grunt_lair_entry_orc_guard_hut, uniq_harold

Skill      XL: |  1  2  3  4  5  6  7  8  9 10 11 |
---------------+----------------------------------+-----
Shapeshifting  | 3 4 5 6 7 8 |  8.0
Unarmed Combat | 4 5 6 8 9 11 | 11.1
Dodging        | 3 5 6 8 10 | 10.3
Fighting       | |  1.0

Action                     |  1- 3 |  4- 6 |  7- 9 | 10-12 || total
---------------------------+-------+-------+-------+-------++-------
  Melee: Unarmed           |    79 |    45 |       |       ||   124
         Kick              |    13 |    25 |    54 |    39 ||   131
         Punch             |     1 |     1 |       |       ||     2
         Peck              |     6 |     8 |    42 |    25 ||    81
         Halberd           |       |    20 |   202 |   166 ||   388
 Invoke: Berserk           |       |       |     5 |     3 ||     8
  Evoke: Wand              |       |       |       |     1 ||     1
    Use: Scroll            |       |       |    10 |       ||    10
   Stab: Sleeping          |       |       |       |     1 ||     1
 Armour: Animal skin       |    13 |       |       |       ||    13
         Ring mail         |     5 |    20 |    49 |    19 ||    93
  Dodge: Dodged            |    44 |    44 |   242 |   178 ||   508

Table legend: (Time is in decaauts)
 A = Elapsed time spent in this place.
 B = Non-inter-level travel time spent in this place.
 C = Inter-level travel time spent in this place.
 D = Time resting spent in this place.
 E = Time spent auto-exploring this place.
 F = Levels seen in this place.
 G = Mean time per level.
                   A        B        C        D        E       F      G
               +--------+--------+--------+--------+--------+-----+--------+
         Total |   8288 |   8110 |    178 |   1270 |   5368 |  10 |  828.8 |
       Dungeon |   7275 |   7097 |    178 |    847 |   5048 |   9 |  808.3 |
       Ossuary |   1013 |   1013 |      0 |    423 |    320 |   1 | 1013.0 |
               +--------+--------+--------+--------+--------+-----+--------+

Top non-repeatable levels by time:
     D:7: 1373 daAuts
     D:8: 1187 daAuts
 Ossuary: 1013 daAuts
     D:5: 913 daAuts
     D:9: 787 daAuts
     D:2: 732 daAuts
     D:6: 704 daAuts
     D:3: 631 daAuts
     D:1: 559 daAuts
     D:4: 386 daAuts
